 Dungeon Crawl Stone Soup version 0.22.1-1-ga44c0e56f4 (webtiles) character file.

1916 Ivernyr the Magician (level 9, 0/68 HPs)
             Began as a Naga Wizard on Oct 31, 2018.
             Was a Follower of Cheibriados.
             Killed by nerve-wracking pain
             ... invoked by Menkaure
              (10 damage)
             ... on level 7 of the Dungeon.
             The game lasted 00:38:42 (7579 turns).

Ivernyr the Magician (Naga Wizard)                  Turns: 7579, Time: 00:38:43

Health: 0/68       AC:  5    Str: 13    XL:     9   Next: 16%
Magic:  2/20       EV: 11    Int: 24    God:    Cheibriados [*.....]
Gold:   263        SH:  0    Dex: 13    Spells: 14/23 levels left

rFire    + . .     SeeInvis +   j - +0 halberd
rCold    . . .     Gourm    .   (shield currently unavailable)
rNeg     . . .     Faith    .   a - +0 robe
rPois    +         Spirit   .   (no helmet)
rElec    .         Reflect  .   y - +0 cloak
rCorr    .         Harm     .   (no gloves)
MR       +....                  (no barding)
Stlth    ++........             (no amulet)
HPRegen  0.21/turn              i - ring of protection from fire
MPRegen  0.17/turn              n - +1 ring of evasion

@: very slow
A: large, see invisible, deformed body, poison resistance, slowness 2, slow
metabolism 1, spit poison 1, AC +3
a: Spit Poison, Bend Time, Renounce Religion


You were on level 7 of the Dungeon.
You worshipped Cheibriados.
Cheibriados was aware of your devotion.
You were not hungry.

You visited 2 branches of the dungeon, and saw 8 of its levels.
You also visited: Sewer.

You collected 263 gold pieces.

Inventory:

Hand Weapons
 j - a +0 halberd (weapon)
Armour
 a - a +0 robe (worn)
 y - a +0 cloak (worn)
 C - a cursed +0 buckler
Jewellery
 i - a ring of protection from fire (left hand)
 n - a +1 ring of evasion (right hand)
Wands
 l - a wand of disintegration (9)
 s - a wand of random effects (44)
 x - a wand of digging (19)
Scrolls
 e - a scroll of fear {unknown}
 f - 5 scrolls of identify {unknown}
 g - 2 scrolls of enchant weapon {unknown}
 m - 3 scrolls of noise {unknown}
 p - 2 scrolls of fog {unknown}
 r - 2 scrolls of remove curse {unknown}
 t - 3 scrolls of teleportation {unknown}
 v - a scroll of enchant armour {unknown}
Potions
 b - a potion of agility {unknown}
 c - a potion of ambrosia {unknown}
 h - 4 potions of heal wounds {unknown}
 k - 2 potions of degeneration {unknown}
 o - 6 potions of curing {unknown}
 q - a potion of invisibility {unknown}
 u - a potion of brilliance {unknown}
 w - 2 potions of flight {unknown}
 z - 2 potions of might {unknown}
 A - a potion of resistance {unknown}
 B - 2 potions of mutation {unknown}
Comestibles
 d - 13 rations
 D - a chunk of flesh


   Skills:
 - Level 1.5 Dodging
 - Level 3.0 Stealth
 * Level 2.1 Shields
 + Level 7.9 Spellcasting
 + Level 7.4 Conjurations
   Level 1.0 Summonings
 - Level 1.0 Translocations
 - Level 2.7 Invocations


You had 14 spell levels left.
You knew the following spells:

 Your Spells              Type           Power        Failure   Level  Hunger
a - Magic Dart            Conj           ####         1%          1    None
b - Blink                 Tloc           N/A          6%          2    None
c - Conjure Flame         Conj/Fire      ####....     4%          3    None
d - Mephitic Cloud        Conj/Pois/Air  ###.....     7%          3    None

Your spell library contained the following spells:

 Spells                   Type           Power        Failure   Level  Hunger
 Call Imp                 Summ           ##......     6%          2    None
 Slow                     Hex            #.......     10%         2    None


Dungeon Overview and Level Annotations

Branches:
Dungeon (7/15)             Temple (1/1) D:6

Altars:
Ashenzari
Cheibriados
Fedhas
Makhleb
Nemelex Xobeh
Okawaru
Qazlal
Trog
Uskayaw
Vehumet
Wu Jian
Yredelemnul

Annotations:
D:3 2 transporters, vierth's ghost, amateur MiBe
D:7 Menkaure


Innate Abilities, Weirdness & Mutations

You cannot wear boots.
Your serpentine skin is tough. (AC +3)
You have supernaturally acute eyesight. (SInv)
Armour fits poorly on your strangely shaped body.
Your system is resistant to poisons. (rPois)
You cover ground very slowly.
You have a slow metabolism.
You can spit poison.


Message History

You strike the helpless hound from behind!
You puncture the hound!
The hound is severely wounded.
You have got your breath back.
The hound is engulfed in noxious fumes.
The hound appears confused.
The hound barely misses you.
The hound is engulfed in noxious fumes.
The hound appears confused.
You puncture the hound!
You kill the hound!
Cheibriados thoroughly appreciates the change of pace.
d - 13 rations (gained 1) Menkaure, Prince of Dust comes into view.
Menkaure calls on the powers of darkness!
Your body is wracked with pain!
* * * LOW HITPOINT WARNING * * *
Menkaure casts a spell.
Menkaure seems to speed up.
Menkaure gestures at you while chanting.
Pain shoots through your body!
You die...

### ..# # ## #.#
.# .#).
#.###..#.. .....
##.#.......
.....#####.(M†.#
....((.......###
.......(.....####
?..#†..@†).......
##.>.....##....
##.....## ##..)
#......# #.
#.......#
#...##...# #..##
##..# ..# #..


You could see Menkaure.

Vanquished Creatures
  Grinder (D:6)
  An orc warrior (D:6)
  A sky beast (D:5)
  An ogre (D:6)
  A phantom (D:6)
  2 centaurs (D:7)
  A crocodile (D:7)
  A big kobold (Sewer)
  2 scorpions
  A crimson imp (D:5)
  A centaur zombie (D:5)
  3 orc wizards (D:5)
  A centaur skeleton (D:4)
  3 hounds
  A jelly (D:6)
  5 orc priests
  A bullfrog skeleton (D:4)
  Crazy Yiuf (D:5)
  An iguana (D:4)
  6 worker ants
  A hound skeleton (D:3)
  A mummy (D:5)
  A howler monkey zombie (D:5)
  6 gnolls
  8 adders
  2 oozes (D:2)
  A worm (D:3)
  4 dart slugs
  4 leopard geckos
  21 orcs
  4 bats
  2 giant cockroaches
  5 goblins
  8 hobgoblins
  A jackal (Sewer)
  3 quokkas
  A ball python (D:4)
  5 frilled lizards
  A hobgoblin zombie (D:5)
  11 kobolds
  2 kobold zombies (D:5)
  A leopard gecko zombie (D:5)
  An orc zombie (D:5)
  12 rats
141 creatures vanquished.

Vanquished Creatures (collateral kills)
  An orc priest (D:5)
1 creature vanquished.

Grand Total: 142 creatures vanquished

Notes
Turn   | Place    | Note
-------+----------+-------------------------------------------
     0 | D:1      | Ivernyr the Naga Wizard began the quest for the Orb.
     0 | D:1      | Reached XP level 1. HP: 15/15 MP: 4/4
   203 | D:1      | Reached XP level 2. HP: 18/22 MP: 0/6
   207 | D:1      | Learned a level 2 spell: Blink
  1187 | D:1      | Reached XP level 3. HP: 25/28 MP: 2/7
  1523 | D:2      | Learned a level 3 spell: Conjure Flame
  1527 | D:2      | Learned a level 3 spell: Mephitic Cloud
  1564 | D:2      | Found a bloodstained altar of Trog.
  1584 | D:2      | Noticed a scorpion
  1639 | D:2      | Killed a scorpion
  1639 | D:2      | Reached XP level 4. HP: 26/36 MP: 5/10
  1872 | D:2      | Reached XP level 5. HP: 42/42 MP: 9/11
  2217 | D:2      | Found an iron altar of Okawaru.
  2359 | D:2      | Found a hide-covered altar of Uskayaw.
  2392 | D:3      | Found a transporter.
  2392 | D:3      | Noticed vierth's ghost (amateur MiBe)
  2392 | D:3      | Noticed an ogre
  2394 | D:3      | Found a transporter.
  2535 | D:3      | Found a sparkling altar of Nemelex Xobeh.
  2857 | D:3      | Found a glowing drain.
  2866 | Sewer    | Entered a sewer
  2999 | Sewer    | Noticed a big kobold
  3014 | Sewer    | Killed a big kobold
  3014 | Sewer    | Reached XP level 6. HP: 49/49 MP: 3/13
  3113 | Sewer    | Found a white marble altar of Elyvilon.
  3526 | D:4      | Reached skill level 5 in Spellcasting
  4136 | D:4      | Reached XP level 7. HP: 39/55 MP: 2/15
  4260 | D:4      | Reached skill level 5 in Conjurations
  4610 | D:5      | Entered Level 5 of the Dungeon
  5055 | D:5      | Found a runed door.
  5109 | D:5      | Noticed Crazy Yiuf
  5116 | D:5      | Killed Crazy Yiuf
  5873 | D:5      | Reached XP level 8. HP: 49/62 MP: 8/17
  6080 | D:5      | Found a burning altar of Makhleb.
  6317 | D:6      | Found a staircase to the Ecumenical Temple.
  6369 | Temple   | Entered the Ecumenical Temple
  6454 | Temple   | Became a worshipper of Cheibriados the Contemplative
  6531 | D:6      | Noticed Grinder
  6534 | D:6      | Paralysed by Grinder for 7 turns
  6551 | D:6      | Paralysed by Grinder for 5 turns
  6576 | D:6      | Killed Grinder
  6576 | D:6      | Reached skill level 1 in Invocations
  6901 | D:6      | Found a shattered altar of Ashenzari.
  7097 | D:6      | Reached * piety under Cheibriados
  7456 | D:6      | Found a blossoming altar of Fedhas.
  7512 | D:7      | Reached XP level 9. HP: 53/68 MP: 17/20
  7520 | D:7      | Reached skill level 1 in Shields
  7576 | D:7      | Noticed Menkaure
  7579 | D:7      | Killed from afar by Menkaure

Skill      XL: |  1  2  3  4  5  6  7  8  9 |
---------------+----------------------------+-----
Conjurations   | 2 3 4 6 7 |  7.4
Spellcasting   | 4 5 6 7 |  7.9
Invocations    | 2 |  2.7
Shields        | 2 |  2.1
Dodging        | |  1.5
Stealth        | |  3.0
Summonings     | |  1.0
Translocations | |  1.0

Action                   |  1- 3 |  4- 6 |  7- 9 || total
-------------------------+-------+-------+-------++-------
Melee: Unarmed           |     2 |       |       ||     2
       Whip              |    21 |    13 |       ||    34
       Spear             |       |    14 |       ||    14
       Halberd           |       |    17 |   153 ||   170
 Cast: Magic Dart        |    64 |    94 |   110 ||   268
       Mephitic Cloud    |     1 |     8 |    19 ||    28
       Conjure Flame     |       |       |     6 ||     6
 Abil: Spit Poison       |    10 |    11 |    16 ||    37
 Stab: Confused          |       |     1 |     8 ||     9
       Sleeping          |       |       |     5 ||     5
  Eat: Chunk             |     2 |     7 |    10 ||    19
Armor: Robe              |     3 |     9 |    32 ||    44
Dodge: Dodged            |    18 |    41 |    99 ||   158
